%YAML 1.1
%TAG !u! tag:unity3d.com,2011:
--- !u!1 &3943211783278460588
GameObject:
  m_ObjectHideFlags: 0
  m_CorrespondingSourceObject: {fileID: 0}
  m_PrefabInstance: {fileID: 0}
  m_PrefabAsset: {fileID: 0}
  serializedVersion: 6
  m_Component:
  - component: {fileID: 4463852922157016086}
  - component: {fileID: 4213244893629203455}
  - component: {fileID: 5913041833927386930}
  m_Layer: 0
  m_Name: T DOWN
  m_TagString: Untagged
  m_Icon: {fileID: 0}
  m_NavMeshLayer: 0
  m_StaticEditorFlags: 0
  m_IsActive: 1
--- !u!4 &4463852922157016086
Transform:
  m_ObjectHideFlags: 0
  m_CorrespondingSourceObject: {fileID: 0}
  m_PrefabInstance: {fileID: 0}
  m_PrefabAsset: {fileID: 0}
  m_GameObject: {fileID: 3943211783278460588}
  m_LocalRotation: {x: 0, y: 0, z: 0, w: 1}
  m_LocalPosition: {x: 8.610001, y: -0.9321399, z: -2.9703846}
  m_LocalScale: {x: 1, y: 1, z: 1}
  m_ConstrainProportionsScale: 0
  m_Children:
  - {fileID: 3855924227354858830}
  m_Father: {fileID: 0}
  m_RootOrder: 0
  m_LocalEulerAnglesHint: {x: 0, y: 0, z: 0}
--- !u!114 &4213244893629203455
MonoBehaviour:
  m_ObjectHideFlags: 0
  m_CorrespondingSourceObject: {fileID: 0}
  m_PrefabInstance: {fileID: 0}
  m_PrefabAsset: {fileID: 0}
  m_GameObject: {fileID: 3943211783278460588}
  m_Enabled: 1
  m_EditorHideFlags: 0
  m_Script: {fileID: 11500000, guid: c2cc2767c1a14d04780e452d3357ab5c, type: 3}
  m_Name: 
  m_EditorClassIdentifier: 
  ID: 3
  UP:
  - {fileID: 856369185630325926, guid: 56b1bfd60b3b5ad42bcd3bda5e5dc151, type: 3}
  - {fileID: 3075336803131473414, guid: 71b3c0240bf242f428a848d15cedb674, type: 3}
  DOWN:
  - {fileID: 9000729855363809476, guid: 03b1344d7866db6439daf1e5427c86ec, type: 3}
  - {fileID: 7142218940262175634, guid: 862b86887968e8546a53587562252dd9, type: 3}
  - {fileID: 4851162023086618689, guid: 1c8c04a3480982a48a0f0daf8ed9654b, type: 3}
  - {fileID: 4496542767535946144, guid: ec37c803457a5c34aafc1024d4f4a234, type: 3}
  RIGHT:
  - {fileID: 9000729855363809476, guid: 03b1344d7866db6439daf1e5427c86ec, type: 3}
  - {fileID: 8116339731029587158, guid: 10e42fd3459a2834ea3b86bfda52fbe2, type: 3}
  - {fileID: 3075336803131473414, guid: 71b3c0240bf242f428a848d15cedb674, type: 3}
  LEFT:
  - {fileID: 9000729855363809476, guid: 03b1344d7866db6439daf1e5427c86ec, type: 3}
  - {fileID: 3315919158924790517, guid: 7636fba9a146330449fc0b5a7db18bed, type: 3}
  - {fileID: 3075336803131473414, guid: 71b3c0240bf242f428a848d15cedb674, type: 3}
  availablePaths: 000000000200000003000000
  Exit: 0
  Required: 0
  hasCar: 0
--- !u!65 &5913041833927386930
BoxCollider:
  m_ObjectHideFlags: 0
  m_CorrespondingSourceObject: {fileID: 0}
  m_PrefabInstance: {fileID: 0}
  m_PrefabAsset: {fileID: 0}
  m_GameObject: {fileID: 3943211783278460588}
  m_Material: {fileID: 0}
  m_IsTrigger: 0
  m_Enabled: 1
  serializedVersion: 2
  m_Size: {x: 2.5, y: 1, z: 2.5}
  m_Center: {x: -0.05, y: 0, z: -0.05}
--- !u!1 &5419186985221817973
GameObject:
  m_ObjectHideFlags: 0
  m_CorrespondingSourceObject: {fileID: 0}
  m_PrefabInstance: {fileID: 0}
  m_PrefabAsset: {fileID: 0}
  serializedVersion: 6
  m_Component:
  - component: {fileID: 3855924227354858830}
  - component: {fileID: 2113826479970003972}
  - component: {fileID: 3202177923164276880}
  m_Layer: 0
  m_Name: default
  m_TagString: Untagged
  m_Icon: {fileID: 0}
  m_NavMeshLayer: 0
  m_StaticEditorFlags: 0
  m_IsActive: 1
--- !u!4 &3855924227354858830
Transform:
  m_ObjectHideFlags: 0
  m_CorrespondingSourceObject: {fileID: 0}
  m_PrefabInstance: {fileID: 0}
  m_PrefabAsset: {fileID: 0}
  m_GameObject: {fileID: 5419186985221817973}
  m_LocalRotation: {x: 0, y: -0, z: -0, w: 1}
  m_LocalPosition: {x: -0, y: 0, z: 0}
  m_LocalScale: {x: 1, y: 1, z: 1}
  m_ConstrainProportionsScale: 0
  m_Children: []
  m_Father: {fileID: 4463852922157016086}
  m_RootOrder: 0
  m_LocalEulerAnglesHint: {x: 0, y: 0, z: 0}
--- !u!33 &2113826479970003972
MeshFilter:
  m_ObjectHideFlags: 0
  m_CorrespondingSourceObject: {fileID: 0}
  m_PrefabInstance: {fileID: 0}
  m_PrefabAsset: {fileID: 0}
  m_GameObject: {fileID: 5419186985221817973}
  m_Mesh: {fileID: -2432090755550338912, guid: 4de805a581e40c640b3949124d7b7a3b, type: 3}
--- !u!23 &3202177923164276880
MeshRenderer:
  m_ObjectHideFlags: 0
  m_CorrespondingSourceObject: {fileID: 0}
  m_PrefabInstance: {fileID: 0}
  m_PrefabAsset: {fileID: 0}
  m_GameObject: {fileID: 5419186985221817973}
  m_Enabled: 1
  m_CastShadows: 1
  m_ReceiveShadows: 1
  m_DynamicOccludee: 1
  m_StaticShadowCaster: 0
  m_MotionVectors: 1
  m_LightProbeUsage: 1
  m_ReflectionProbeUsage: 1
  m_RayTracingMode: 2
  m_RayTraceProcedural: 0
  m_RenderingLayerMask: 1
  m_RendererPriority: 0
  m_Materials:
  - {fileID: -8469494145858465668, guid: 4de805a581e40c640b3949124d7b7a3b, type: 3}
  m_StaticBatchInfo:
    firstSubMesh: 0
    subMeshCount: 0
  m_StaticBatchRoot: {fileID: 0}
  m_ProbeAnchor: {fileID: 0}
  m_LightProbeVolumeOverride: {fileID: 0}
  m_ScaleInLightmap: 1
  m_ReceiveGI: 1
  m_PreserveUVs: 0
  m_IgnoreNormalsForChartDetection: 0
  m_ImportantGI: 0
  m_StitchLightmapSeams: 1
  m_SelectedEditorRenderState: 3
  m_MinimumChartSize: 4
  m_AutoUVMaxDistance: 0.5
  m_AutoUVMaxAngle: 89
  m_LightmapParameters: {fileID: 0}
  m_SortingLayerID: 0
  m_SortingLayer: 0
  m_SortingOrder: 0
  m_AdditionalVertexStreams: {fileID: 0}
